Map: Frozen Temple

Players

Pokebunny - Winner!

  • Race: Terran Terran
  • League: Grandmaster

Virium

  • Race: Zerg Zerg
  • League: Master

VOD

Have the link to the VOD?

Description

Time

  • Played on: April 6, 2016, 9:36 p.m.
  • Length: 5:38
Show
View Real Time Build Order
Export as new Build Order

Pokebunny Terran - Winner!

Build Orders: Reaper Expand 

Get SALT Encoding   

  12  0:00  SCV  
  13  0:13  SCV  
  14  0:17  Supply Depot  
  14  0:25  SCV  
  15  0:39  SCV  
  15  0:40  Barracks  
  16  0:45  Refinery  
  16  0:51  SCV  
  17  1:03  SCV  
  18  1:15  SCV  
  19  1:28  Reaper, Orbital Command  
  20  1:41  Command Center  
  20  1:51  Supply Depot  
  20  1:54  SCV  
  21  2:01  Barracks Reactor  
  21  2:06  SCV  
  22  2:08  Barracks  
  22  2:18  SCV  
  22  2:19  Barracks  
  23  2:31  SCV  
  23  2:34  Refinery  
  24  2:44  Marine x2  
  24  2:46  SCV  
  27  2:53  Orbital Command, Factory  
  27  2:57  Barracks Tech Lab  
  27  2:58  SCV  
  28  3:04  Marine x2  
  30  3:10  SCV  
  30  3:11  Marine  
  32  3:18  Marine  
  32  3:19  Stimpack  
  33  3:21  SCV  
  33  3:24  Marine  
  35  3:27  SCV  
  35  3:30  Marine x2  
  38  3:39  Starport  
  38  3:41  Factory Reactor  
  38  3:44  Supply Depot  
  38  3:46  Marine x2  
  40  3:48  Marine  
  40  3:50  SCV  
  40  3:51  SCV  
  40  3:53  Marine  
  44  3:59  Supply Depot  
  44  4:04  SCV x2  
  44  4:08  Engineering Bay  
  46  4:10  Marine x3  
  46  4:14  Marine  
  50  4:25  Supply Depot, Medivac x2  
  50  4:29  Marine x2  
  55  4:32  SCV  
  55  4:33  SCV  
  55  4:37  Factory Tech Lab  
  57  4:39  Marine  
  57  4:44  Barracks Reactor  
  58  4:47  Marine x2  
  58  4:50  Refinery, SCV x2  
  62  4:54  Supply Depot  
  62  5:03  Barracks  
  62  5:04  Barracks  
  62  5:07  Supply Depot  
  62  5:10  Marine  
  62  5:11  Marine x2  
  65  5:15  SCV x2  
Show
View Real Time Build Order
Export as new Build Order

Virium Zerg 

Build Orders: Hatch First 

Get SALT Encoding   

  12  0:01  Drone  
  13  0:12  Overlord  
  13  0:18  Drone  
  14  0:31  Drone x2  
  14  0:34  Drone  
  17  0:53  Hatchery  
  17  0:56  Drone  
  17  0:59  Drone  
  17  1:03  Extractor  
  17  1:07  Drone  
  18  1:17  Drone  
  19  1:22  Spawning Pool  
  18  1:28  Drone  
  19  1:38  Overlord  
  19  1:50  Drone  
  20  2:00  Drone  
  21  2:05  Drone  
  22  2:08  Metabolic Boost  
  22  2:11  Queen x2  
  22  2:13  Zergling x2  
  27  2:19  Drone  
  27  2:21  Zergling x2  
  27  2:31  Spore Crawler  
  27  2:35  Extractor  
  26  2:37  Zergling x4  
  28  2:47  Spore Crawler  
  28  2:48  Extractor  
  26  2:53  Drone  
  26  2:54  Drone x2  
  26  2:58  Queen  
  31  3:01  Drone x2  
  31  3:02  Lair  
  31  3:05  Drone  
  36  3:18  Overlord  
  36  3:21  Extractor  
  36  3:22  Extractor  
  36  3:25  Drone x2  
  36  3:39  Drone x6  
  42  3:42  Extractor  
  41  3:57  Hatchery  
  40  4:03  Drone, Spire  
  40  4:16  Drone x4  
  44  4:21  Overlord  
  44  4:36  Overlord x2  
  44  4:48  Zergling x10  
  44  4:49  Zergling x2  
  44  4:52  Baneling Nest  
  48  5:08  Zergling x2  
  48  5:09  Zergling x12  
  48  5:10  Zergling x2  
  56  5:17  Zergling x2  
  56  5:18  Zergling x4  
Tags
 
Add a new tag
Caveats
  • Supply blocks, unpowered buildings, or Contaminate may cause inaccurate times.
  • Supply counts are checked every 10 seconds.